 Dungeon Crawl Stone Soup version 0.31-a0-237-g2d982f9f85 (webtiles) character file.

Game seed: 5699487602284386938

214 qw the Shooter (level 5, -4/46 HPs)
             Began as a Minotaur Hexslinger on July 10, 2023.
             Slain by Duvessa
             ... wielding a +0 short sword
              (7 damage)
             ... on level 5 of the Dungeon.
             The game lasted 00:00:46 (1810 turns).

qw the Shooter (Minotaur Hexslinger)                Turns: 1810, Time: 00:00:46

Health: -4/46      AC:  6    Str: 12    XL:     5   Next: 60%
Magic:  5/5        EV: 11    Int: 10    God:
Gold:   77         SH:  0    Dex: 15    Spells: 5/6 levels left

rFire   . . .        Y - +1 sling
rCold   . . .        (no shield)
rNeg    . . .        j - +0 ring mail
rPois   .            (helmet restricted)
rElec   .            (no cloak)
rCorr   .            (no gloves)
SInv    .            h - +0 pair of boots
Will    .....        (no amulet)
Stlth   +            (no ring)
HPRegen 0.27/turn    (no ring)
MPRegen 0.09/turn

%: no passive effects
@: lit by a corona, glowing
A: horns 2, retaliatory headbutt
a: no special abilities


You were on level 5 of the Dungeon.
You visited 1 branch of the dungeon, and saw 4 of its levels.

You collected 77 gold pieces.


Innate Abilities, Weirdness & Mutations

You have a pair of horns on your head.
You reflexively headbutt those who attack you in melee.


   Skills:
 - Level 3.9 Fighting
 + Level 5.3 Ranged Weapons
 - Level 1.1 Armour
 - Level 2.1 Dodging
 - Level 1.0 Spellcasting
 - Level 2.0 Hexes


You had 5 spell levels left.
You knew the following spells:

 Your Spells              Type           Power      Damage    Failure   Level
a - Slow                  Hex            16%        N/A       34%         1

Your spell library contained the following spells:

 Spells                   Type           Power      Damage    Failure   Level
 Inner Flame              Hex/Fire       2%         N/A       83%         3
 Portal Projectile        Hex/Tloc       4%         N/A       83%         3
 Cause Fear               Hex            2%         N/A       98%         4

Inventory:

Hand Weapons
 Y - a +1 sling (weapon)
Armour
 h - a +0 pair of boots (worn)
 j - a +0 ring mail (worn)
Jewellery
 a - a +6 ring of strength
 f - a +6 ring of dexterity
Scrolls
 b - a scroll of amnesia {unknown}
 g - 2 scrolls of identify
Potions
 c - 2 potions of haste {unknown}
 d - a potion of ambrosia {unknown}
 e - a potion of enlightenment {unknown}
 k - 3 potions of curing

Dungeon Overview and Level Annotations

Branches:
Dungeon (3/15)

Altars:
Dithmenos
Qazlal
Ru

Shops:
D:3 (

Annotations:
D:5 Dowan, Duvessa


Message History

The sling bullet hits Dowan but does no damage.
Dowan is moderately wounded.
Duvessa hits you but does no damage. Dowan hits you but does no damage.
Duvessa hits you with a +0 short sword. Dowan hits you with a +0 dagger.
You shoot a sling bullet. The sling bullet barely misses Dowan.
Duvessa hits you with a +0 short sword. Duvessa hits you but does no damage.
Dowan closely misses you.
You shoot a sling bullet.
The sling bullet barely misses the scorpion.
Duvessa hits you but does no damage. The scorpion closely misses you.
You furiously retaliate!
You headbutt the scorpion. Dowan barely misses you.
Duvessa hits you with a +0 short sword.
You shoot a sling bullet. The sling bullet hits the scorpion.
The scorpion is severely wounded.
Duvessa barely misses you. The scorpion stings you.
Dowan hits you with a +0 dagger. Duvessa hits you with a +0 short sword.
The scorpion stings you but does no damage.
You shoot a sling bullet.
The sling bullet barely misses the scorpion.
Duvessa barely misses you. Dowan gestures at you while chanting.
The puff of frost hits you! The scorpion stings you.
Duvessa closely misses you. You furiously retaliate!
You headbutt Duvessa. Dowan hits you with a +0 dagger.
You shoot a sling bullet.
The sling bullet closely misses the scorpion.
Duvessa barely misses you. You furiously retaliate!
You headbutt Duvessa! The scorpion barely misses you. You furiously retaliate!
You headbutt the scorpion. Dowan hits you with a +0 dagger.
Duvessa hits you with a +0 short sword. The scorpion closely misses you.
You shoot a sling bullet. The sling bullet hits the scorpion.
You kill the scorpion!
Duvessa says, "I don't care about looks, I care about technique!"
Duvessa hits you but does no damage.
Dowan smirks and points a slender finger.
Dowan closely misses you. Duvessa hits you with a +0 short sword.
Your Fighting skill increases to level 3!
You shoot a sling bullet. The sling bullet hits Duvessa.
Duvessa is heavily wounded.
Duvessa hits you with a +0 short sword!
You die...

#########.#.
##...(............
#............ ...
#.~~~~~~~~~.##...
#.~.......~.#....
#.~.#####.~.?... .
#.~.....#.~..# ##...
#.~.#._.#.~..#......
#.~.#.....~.@e......
#.~.#####...e.......
#.~.......~.........
#.~~~~~~~~~.#....^..
#...................
####.........##.....
##.....#..# ..)..
##....##.. .....
#..#. .[.


You could see Duvessa (fast) and Dowan.

Vanquished Creatures
  2 scorpions
  5 adders
  An ufetubus (D:5)
  An orc (D:3)
  2 ball pythons (D:1)
  A bat (D:1)
  4 endoplasms
  2 giant cockroaches
  5 goblins
  3 hobgoblins
  6 jackals (D:1)
  2 quokkas
  6 frilled lizards
  5 kobolds
  4 rats
49 creatures vanquished.

Notes
Turn   | Place    | Note
-------+----------+-------------------------------------------
     0 | D:1      | qw the Minotaur Hexslinger began the quest for the Orb.
     0 | D:1      | Reached XP level 1. HP: 16/16 MP: 1/1
     0 | D:1      | 0 ||| qw: Version: 0.3-a-52-g30416fa
     0 | D:1      | 0 ||| qw: Game counter: 5111
     0 | D:1      | 0 ||| qw: Melee chars always use a shield: true
     0 | D:1      | 0 ||| qw: God list: Okawaru
     0 | D:1      | 0 ||| qw: Allow faded altars: false
     0 | D:1      | 0 ||| qw: Do Orc after clearing Dungeon:15 true
     0 | D:1      | 0 ||| qw: Do second Lair branch before Depths: true
     0 | D:1      | 0 ||| qw: Lair rune preference: random
     0 | D:1      | 0 ||| qw: Goals: Normal
     0 | D:1      | 0 ||| PLANNING D:1-11
    97 | D:1      | Reached skill level 3 in Ranged Weapons
   104 | D:1      | Reached XP level 2. HP: 20/23 MP: 2/2
   758 | D:1      | 758 ||| UPGRADING to +0 leather armour.
   768 | D:1      | 768 ||| DROPPING +0 robe.
   769 | D:1      | 769 ||| UPGRADING to +0 pair of boots.
   774 | D:1      | 774 ||| UPGRADING to +0 ring mail.
   784 | D:1      | 784 ||| DROPPING +0 leather armour.
   785 | D:1      | 785 ||| READING scroll labelled QILIZA BAXYATS.
   786 | D:1      | 786 ||| READING 2 scrolls labelled OVOATO ZONADA.
   787 | D:1      | 787 ||| READING 3 scrolls labelled WUR SINEKHE.
   788 | D:1      | 788 ||| READING scroll labelled IWKAB AZISANAI.
   792 | D:1      | 792 ||| READING 2 scrolls of identify.
   792 | D:1      | 792 ||| IDENTIFYING purple potion
   793 | D:1      | 793 ||| DROPPING scroll of poison.
   794 | D:1      | 794 ||| DROPPING scroll of immolation.
   809 | D:2      | Found a stormy altar of Qazlal.
   816 | D:2      | Reached XP level 3. HP: 29/29 MP: 3/3
   966 | D:2      | Reached skill level 4 in Ranged Weapons
   967 | D:2      | Reached skill level 1 in Armour
  1195 | D:2      | 1195 ||| READING 2 scrolls labelled KEMEM OKYUBB.
  1196 | D:2      | 1196 ||| READING scroll labelled ZUS OPSOFFU.
  1197 | D:2      | 1197 ||| DROPPING scroll of vulnerability.
  1245 | D:3      | Found Nics's Weapon Shoppe.
  1260 | D:3      | 1260 ||| SHOPLISTING +3 heavy sling (197 gold, have 39).
  1359 | D:3      | Reached XP level 4. HP: 28/36 MP: 4/4
  1464 | D:3      | Found a sacrificial altar of Ru.
  1470 | D:3      | Noticed a scorpion
  1485 | D:3      | HP: 8/36 [scorpion (2)]
  1486 | D:3      | 1486 ||| READING scroll of teleportation.
  1487 | D:3      | Killed a scorpion
  1488 | D:3      | Reached skill level 5 in Ranged Weapons
  1619 | D:3      | Reached XP level 5. HP: 41/41 MP: 5/5
  1770 | D:3      | You fall into a shaft and drop 2 floors!
  1770 | D:5      | Entered Level 5 of the Dungeon
  1770 | D:5      | Found a shadowy altar of Dithmenos.
  1771 | D:5      | 1771 ||| PLANNING SEWER
  1796 | D:5      | Noticed Dowan
  1797 | D:5      | Noticed Duvessa
  1807 | D:5      | HP: 9/42 [scorpion (5)]
  1808 | D:5      | HP: 4/42 [Duvessa/+0 short sword (2)]
  1810 | D:5      | Reached skill level 3 in Fighting
  1810 | D:5      | Slain by Duvessa

Levels and vault maps discovered:
D:1:      lemuel_arrival_behind_the_door_small, layout_basic,
          grunt_decor_clamped
D:2:      layout_rooms, basic_altar
D:3:      layout_rooms, lemuel_doored_altar, serial_shops, nicolae_shop_crystal,
          minivault_23
D:5:      layout_cave_pools, nicolae_uskayaw_en_pointe, lemuel_crystal_altar,
          mainiacjoe_overflow_brackets, serial_shops, shop,
          portal_sewer_entry_f, serial_rivers, chequers_serial_rivers_large_a,
          chequers_serial_rivers_micro_d, chequers_serial_rivers_micro_c,
          chequers_serial_rivers_micro_d, chequers_serial_rivers_small_b,
          chequers_serial_rivers_small_a, uniq_ijyb, uniq_duvessa,
          uniq_crazy_yiuf_cottage

Skill      XL: |  1  2  3  4  5 |
---------------+----------------+-----
Ranged Weapons | 3 4 5 |  5.3
Fighting       | 2 3 |  3.9
Armour         | 1 |  1.1
Dodging        | |  2.1
Spellcasting   | |  1.0
Hexes          | |  2.0

Action                     |  1- 3 |  4- 6 || total
---------------------------+-------+-------++-------
   Fire: Sling             |   112 |    64 ||   176
    Use: Scroll            |     7 |     1 ||     8
 Armour: Robe              |     6 |       ||     6
         Ring mail         |    22 |    14 ||    36
  Dodge: Dodged            |    38 |    28 ||    66

Table legend:
 A = Non-vault XP
 B = Vault XP
 C = Vault XP percentage of total XP
 D = Non-vault monster count
 E = Vault monster count
 F = Vault count percentage of total count
                 A         B        C        D         E       F
            +---------+---------+-------+---------+---------+-------
      Total |     307 |       0 |   0.0 |      49 |       0 |   0.0
            +---------+---------+-------+---------+---------+-------
        D:1 |      33 |       0 |   0.0 |      18 |       0 |   0.0
        D:2 |      56 |       0 |   0.0 |      15 |       0 |   0.0
        D:3 |     123 |       0 |   0.0 |      14 |       0 |   0.0
        D:5 |      95 |       0 |   0.0 |       2 |       0 |   0.0
            +---------+---------+-------+---------+---------+-------
